 Dungeon Crawl Stone Soup version 0.27.1-2-g3b301248ec (webtiles) character file.

Game seed: 10060768723063602430

13073 Crownlay the Geomancer (level 12, -4/76 HPs)
             Began as a Gargoyle Earth Elementalist on Oct 3, 2021.
             Was a Believer of Vehumet.
             Slain by an ice devil (15 damage)
             ... on level 11 of the Dungeon.
             The game lasted 00:27:53 (13220 turns).

Crownlay the Geomancer (GrEE)                      Turns: 13220, Time: 00:27:53

Health: -4/76      AC: 20    Str: 13    XL:     12   Next: 2%
Magic:  9/24       EV: 11    Int: 26    God:    Vehumet [**....]
Gold:   439        SH:  4    Dex: 10    Spells: 22/28 levels left

rFire    . . .     SeeInvis .   N - +7 scimitar (vorpal)
rCold    . . .     Faith    .   M - +0 buckler
rNeg     + . .     Spirit   .   l - +0 steam dragon scales
rPois    ∞         Reflect  .   w - +0 helmet
rElec    +         Harm     .   E - +0 cloak {rCorr}
rCorr    +         Rampage  .   (no gloves)
Will     .....                  H - +0 pair of boots
Stlth    ++........             (no amulet)
HPRegen  0.22/turn              D - +6 ring of intelligence
MPRegen  0.19/turn              k - +4 ring of protection

@: no status effects
A: sickness immunity, AC +8, negative energy resistance 1, electricity
resistance, torment resistance 1, petrification resistance
a: Renounce Religion


You were on level 11 of the Dungeon.
You worshipped Vehumet.
Vehumet was pleased with you.
You visited 2 branches of the dungeon, and saw 12 of its levels.

You collected 565 gold pieces.
You spent 126 gold pieces at shops.

Inventory:

Hand Weapons
 N - a +7 vorpal scimitar (weapon)
Missiles
 s - 4 throwing nets
 y - 4 silver javelins
 G - 25 stones
 L - 8 curare-tipped darts
Armour
 e - a scarf of invisibility
 l - +0 steam dragon scales (worn)
 w - a +0 helmet (worn)
 E - a +0 cloak of preservation (worn)
 H - a +0 pair of boots (worn)
 M - a +0 buckler (worn)
Jewellery
 d - a ring of protection from fire
 k - a +4 ring of protection (right hand)
 D - a +6 ring of intelligence (left hand)
 F - a ring of ice
 O - a ring of ice
Wands
 b - a wand of mindburst (15)
 g - a wand of charming (6)
 o - a wand of digging (12)
 p - a wand of polymorph (12)
 u - a wand of flame (78)
 P - a wand of iceblast (11)
Scrolls
 a - 3 scrolls of fog
 c - a scroll of holy word {unknown}
 f - a scroll of blinking
 m - 7 scrolls of teleportation
 q - 3 scrolls of noise
 B - a scroll of immolation {unknown}
 C - a scroll of vulnerability {unknown}
 J - a scroll of amnesia
 Q - a scroll of identify
Potions
 h - a potion of berserk rage {unknown}
 i - 5 potions of flight
 j - 7 potions of curing
 n - a potion of cancellation {unknown}
 r - a potion of attraction {unknown}
 t - 2 potions of mutation
 v - a potion of degeneration {unknown}
 x - 4 potions of brilliance
 z - 3 potions of lignification {unknown}
 A - a potion of ambrosia {unknown}
 I - 3 potions of heal wounds
 K - a potion of might {unknown}


   Skills:
 * Level 9.0 Fighting
 - Level 1.5 Dodging
 - Level 2.1 Stealth
 - Level 4.0 Shields
 * Level 8.7 Spellcasting
 - Level 8.0 Conjurations
 - Level 0.7 Transmutations
 - Level 14.0 Earth Magic


You had 22 spell levels left.
You knew the following spells:

 Your Spells              Type           Power      Damage    Failure   Level
a - Sandblast             Erth           100%       2d20      0%          1
b - Stone Arrow           Conj/Erth      100%       3d13      1%          3
c - Passwall              Tmut/Erth      40%        N/A       1%          2

Your spell library contained the following spells:

 Spells                   Type           Power      Damage    Failure   Level
 Searing Ray              Conj           100%       3d7       1%          2
 Petrify                  Tmut/Erth      49%        N/A       2%          4
 Dazzling Flash           Conj/Hex       64%        N/A       3%          3
 Portal Projectile        Hex/Tloc       22%        N/A       16%         3
 Blade Hands              Tmut           7%         N/A       73%         5
 Agony                    Necr           11%        N/A       82%         5
 Excruciating Wounds      Necr           5%         N/A       82%         5
 Silence                  Hex/Air        5%         N/A       82%         5


Dungeon Overview and Level Annotations

Branches:
Dungeon (11/15)            Temple (1/1) D:7             Orc (0/2) D:11
   Lair: D:8-11

Altars:
Ashenzari
Cheibriados
Dithmenos
Elyvilon
Fedhas
Gozag
Hepliaklqana
Kikubaaqudgha
Makhleb
Nemelex Xobeh
Okawaru
Qazlal
Ru
Sif Muna
Trog
Uskayaw
Vehumet
Wu Jian
Xom
Yredelemnul
Zin
The Shining One

Shops:
D:4 [([   D:6 *   D:9 [

Portals:
Ice
Cave: D:11

Annotations:
D:5 2 transporters, Nanban's ghost, weakling OpDe


Innate Abilities, Weirdness & Mutations

You are immune to sickness and miasma.
Your stone body is resilient. (AC +8)
You are immune to poison.
You resist negative energy. (rN+)
You are resistant to electric shocks. (rElec)
You are resistant to unholy torment.
You are immune to petrification.


Message History

Press: ? - help, Shift-Dir - straight line, f/p - ice devil
Aim: an ice devil (heavily wounded, 84% to hit)
The blast of sand hits the ice devil but does no damage.
The ice devil is heavily wounded.
G - 28 stones The ice devil hits you! The ice devil freezes you!
The ice devil misses you.
Casting: Sandblast (safe; 0% risk of failure)
Confirm with . or Enter, or press ? or * to list all spells.
Aiming: Sandblast (safe; 0% risk of failure)
Press: ? - help, Shift-Dir - straight line, f/p - ice devil
Aim: an ice devil (moderately wounded, 84% to hit)
The blast of sand hits the ice devil!
The ice devil is severely wounded.
G - 27 stones The ice devil hits you but does no damage.
The ice devil barely misses you.
You riposte.
You hit the ice devil.
The ice devil is lightly wounded.
Casting: Sandblast (safe; 0% risk of failure)
Confirm with . or Enter, or press ? or * to list all spells.
Aiming: Sandblast (safe; 0% risk of failure)
Press: ? - help, Shift-Dir - straight line, f/p - ice devil
Aim: an ice devil (severely wounded, 84% to hit)
The blast of sand hits the ice devil.
The ice devil is severely wounded.
G - 26 stones The ice devil hits you but does no damage.
The ice devil hits you! The ice devil freezes you!
* * * LOW HITPOINT WARNING * * *
Casting: Sandblast (safe; 0% risk of failure)
Confirm with . or Enter, or press ? or * to list all spells.
Aiming: Sandblast (safe; 0% risk of failure)
Press: ? - help, Shift-Dir - straight line, f/p - ice devil
Aim: an ice devil (severely wounded, 84% to hit)
The blast of sand hits the ice devil!
The ice devil is almost dead.
G - 25 stones The ice devil hits you!
* * * LOW HITPOINT WARNING * * *
The ice devil freezes you!
You die...

∩..# ........##
... .........# ...
...=.....# ..
.....=...# .#
.........# ##.##
.........# #44.#
.........###@#+#
#.............#
#..............#
###.............#
##...###......# ..
#...# #......#
..###...###......#
...#.............#
.................#


You could see 2 ice devils.

Vanquished Creatures
  3 two-headed ogres
  2 cyclopes (D:11)
  An ugly thing (D:7)
  Maurice (D:9)
  A centaur zombie (D:11)
  Joseph (D:8)
  A troll (D:10)
  Grinder (D:3)
  A hornet (D:9)
  Prince Ribbit (D:5)
  2 vampires
  2 shadows (D:10)
  2 centaur simulacra (D:11)
  A wraith (D:8)
  13 yaks
  2 steam dragons
  A vampire mosquito (D:7)
  Menkaure (D:6)
  2 acid dragons
  Duvessa (D:6)
  3 orc warriors
  5 water moccasins
  3 black bears
  3 necrophages
  4 ice beasts
  6 centaurs
  A wolf (D:11)
  5 ogres
  3 kobold brigands
  A gnoll sergeant (D:7)
  3 bullfrogs (D:8)
  3 wyvern zombies
  Dowan (D:6)
  13 wights
  2 howler monkeys (D:8)
  A bullfrog zombie (D:6)
  Crazy Yiuf (D:2)
  A hound (D:5)
  2 orc priests
  2 iguanas (D:6)
  Ijyb (D:3)
  6 orc wizards
  Robin (D:3)
  2 adders
  4 gnolls (D:7)
  5 white imps
  2 ufetubi (D:11)
  2 dart slugs
  23 orcs
  9 endoplasms
  11 giant cockroaches
  16 goblins
  8 hobgoblins
  10 jackals
  5 quokkas
  7 ball pythons
  3 bats
  4 frilled lizards
  16 kobolds
  6 rats
244 creatures vanquished.

Notes
Turn   | Place    | Note
-------+----------+-------------------------------------------
     0 | D:1      | Crownlay the Gargoyle Earth Elementalist began the quest
                  | for the Orb.
     0 | D:1      | Reached XP level 1. HP: 10/10 MP: 3/3
    73 | D:1      | Reached skill level 4 in Earth Magic
    97 | D:1      | Reached XP level 2. HP: 5/15 MP: 0/5
  1094 | D:1      | Reached skill level 5 in Earth Magic
  1094 | D:1      | Reached XP level 3. HP: 19/19 MP: 6/6
  1807 | D:2      | Found a hide-covered altar of Uskayaw.
  1905 | D:2      | Found a runed translucent door.
  1906 | D:2      | Noticed Crazy Yiuf
  1913 | D:2      | Killed Crazy Yiuf
  1914 | D:2      | Reached skill level 6 in Earth Magic
  1914 | D:2      | Reached XP level 4. HP: 24/24 MP: 3/7
  2267 | D:3      | Noticed Robin
  2277 | D:3      | Noticed Grinder
  2450 | D:3      | Noticed Ijyb
  2468 | D:3      | Killed Ijyb
  2525 | D:3      | Found a blossoming altar of Fedhas.
  2525 | D:3      | Found a radiant altar of Vehumet.
  2526 | D:3      | Found a white marble altar of Elyvilon.
  2575 | D:3      | Found a broken altar of Ashenzari.
  2661 | D:3      | Killed Robin
  2662 | D:3      | Reached XP level 5. HP: 27/28 MP: 5/8
  2780 | D:3      | Reached skill level 7 in Earth Magic
  3052 | D:3      | Paralysed by Grinder for 5 turns
  3070 | D:3      | Killed Grinder
  3071 | D:3      | Reached skill level 8 in Earth Magic
  3071 | D:3      | Reached XP level 6. HP: 25/32 MP: 2/9
  3718 | D:4      | Reached skill level 9 in Earth Magic
  3718 | D:4      | Reached XP level 7. HP: 36/36 MP: 7/10
  3782 | D:4      | Found Iluc's Armour Emporium.
  3896 | D:4      | Found Jiekoat's Weapon Emporium.
  3933 | D:4      | Found Pices's Armour Emporium.
  3951 | D:4      | Learned a level 3 spell: Stone Arrow
  3951 | D:4      | Bought a +0 cloak of preservation for 126 gold pieces
  4242 | D:5      | Entered Level 5 of the Dungeon
  4297 | D:5      | Reached skill level 10 in Earth Magic
  4358 | D:5      | Found a transporter.
  4428 | D:5      | Found a hide-covered altar of Uskayaw.
  4544 | D:5      | Reached skill level 1 in Fighting
  4649 | D:5      | Noticed Prince Ribbit
  4654 | D:5      | Killed Prince Ribbit
  4655 | D:5      | Reached XP level 8. HP: 45/45 MP: 8/13
  4861 | D:5      | Found a transporter.
  4881 | D:5      | Noticed Nanban's ghost (weakling OpDe)
  5139 | D:5      | Reached skill level 5 in Spellcasting
  5702 | D:6      | Noticed Menkaure
  5704 | D:6      | Killed Menkaure
  5705 | D:6      | Reached XP level 9. HP: 53/53 MP: 15/18
  5799 | D:6      | Reached skill level 5 in Fighting
  5858 | D:6      | Found Maikkius's Assorted Antiques.
  6054 | D:6      | Noticed Dowan
  6055 | D:6      | Noticed Duvessa
  6059 | D:6      | Killed Duvessa
  6061 | D:6      | Killed Dowan
  6340 | D:7      | Found a staircase to the Ecumenical Temple.
  6461 | Temple   | Entered the Ecumenical Temple
  6835 | D:7      | Noticed a red ugly thing
  6843 | D:7      | Killed a red ugly thing
  6937 | D:7      | Reached skill level 1 in Conjurations
  6937 | D:7      | Reached XP level 10. HP: 25/64 MP: 14/22
  7908 | D:3      | Became a worshipper of Vehumet
  8812 | D:8      | Noticed Joseph
  9088 | D:8      | Killed Joseph
  9089 | D:8      | Reached skill level 5 in Conjurations
  9369 | D:8      | Reached * piety under Vehumet
  9369 | D:8      | Offered knowledge of Foxfire by Vehumet.
  9733 | D:8      | Found an ancient bone altar of Kikubaaqudgha.
  9755 | D:8      | Noticed a two-headed ogre
  9763 | D:8      | Learned a level 2 spell: Passwall
  9781 | D:8      | Reached skill level 11 in Earth Magic
  9785 | D:8      | Killed a two-headed ogre
 10394 | D:8      | Reached XP level 11. HP: 68/68 MP: 16/23
 10442 | D:9      | Noticed a two-headed ogre
 10445 | D:9      | Killed a two-headed ogre
 10445 | D:9      | Noticed a two-headed ogre
 10446 | D:9      | Reached skill level 12 in Earth Magic
 10452 | D:9      | Killed a two-headed ogre
 10996 | D:9      | Found a burning altar of Makhleb.
 10997 | D:9      | Found an iron altar of Okawaru.
 11002 | D:9      | Found a glowing silver altar of Zin.
 11002 | D:9      | Found a stormy altar of Qazlal.
 11005 | D:9      | Found a basalt altar of Yredelemnul.
 11007 | D:9      | Found a shimmering blue altar of Sif Muna.
 11044 | D:9      | Reached skill level 1 in Shields
 11086 | D:9      | Noticed Maurice
 11097 | D:9      | Killed Maurice
 11098 | D:9      | Reached skill level 13 in Earth Magic
 11227 | D:9      | Found Mabunaq's Antique Armour Shop.
 11587 | D:10     | Entered Level 10 of the Dungeon
 12969 | D:11     | Reached ** piety under Vehumet
 12969 | D:11     | Offered knowledge of Searing Ray by Vehumet.
 13049 | D:11     | Noticed a cyclops
 13054 | D:11     | Killed a cyclops
 13140 | D:11     | Found a staircase to the Orcish Mines.
 13140 | D:11     | Noticed a cyclops
 13145 | D:11     | Killed a cyclops
 13146 | D:11     | Reached skill level 14 in Earth Magic
 13158 | D:11     | Reached XP level 12. HP: 55/76 MP: 9/24
 13212 | D:11     | Found a frozen archway.
 13220 | D:11     | Slain by an ice devil

Illustrated notes

Levels and vault maps discovered:
D:1:      beargit_arrival_greenhouse, layout_basic, serial_park_tiny_pond,
          minmay_hedge_maze, minmay_misc_feat_iff
D:2:      layout_loops_corners, basic_altar, due_unseen_surprise,
          uniq_crazy_yiuf_cottage
D:3:      minmay_roachtagon, layout_basic, ashenzari_conservatory_becter,
          gammafunk_temple_overflow_claw, kennysheep_nub, uniq_grinder,
          uniq_ijyb, uniq_robin
D:4:      layout_basic, serial_shops, nicolae_shop_behind_doors, shop,
          nicolae_lakefront_shop
D:5:      layout_loops_ring, kennysheep_mini, gammafunk_ghost_mausoleum,
          uniq_prince_ribbit1
D:6:      layout_basic, serial_shops, shop, kennysheep_donut, uniq_duvessa,
          uniq_menkaure
D:7:      layout_basic, minmay_temple_entry_ruins, minmay_misc_feat_alley,
          wad_mini_maze
D:8:      layout_loops_ring, marbit_many_paths, kennysheep_nondescript,
          minmay_parallelograms, minmay_puff, uniq_joseph
D:9:      layout_irregular_city, minitemple, serial_shops,
          nicolae_shop_competitors_out_of_business, st_stairs_6, uniq_maurice
D:10:     layout_cave_pools
D:11:     layout_big_octagon, david_lair_generic, orc_0_dummy, serial_ice,
          serial_ice_c, serial_ice_k, serial_ice_d, serial_ice_m,
          portal_ice_cave_demonic_guard
Temple:   eino_wide_crystal_templ

Skill      XL: |  1  2  3  4  5  6  7  8  9 10 11 |
---------------+----------------------------------+-----
Earth Magic    | 4 5 6 8 9 10 11 14 | 14.0
Fighting       | 2 4 8 9 |  9.0
Spellcasting   | 3 6 8 |  8.7
Conjurations   | 1 8 |  8.0
Shields        | 4 |  4.0
Dodging        | |  1.5
Stealth        | |  2.1
Transmutations | |  0.7

Action                   |  1- 3 |  4- 6 |  7- 9 | 10-12 || total
-------------------------+-------+-------+-------+-------++-------
Melee: Unarmed           |    12 |    15 |       |       ||    27
       Dagger            |    73 |    87 |     7 |    52 ||   219
       Scimitar          |       |       |       |    28 ||    28
Throw: Boomerang         |    15 |    41 |       |    13 ||    69
       Javelin           |     1 |     4 |       |     4 ||     9
       Dart              |       |       |       |     1 ||     1
 Cast: Sandblast         |    23 |    26 |   121 |    88 ||   258
       Stone Arrow       |       |       |     3 |   101 ||   104
  Use: Scroll            |       |     5 |     2 |     7 ||    14
       Potion            |       |     1 |       |       ||     1
 Stab: Sleeping          |     4 |       |       |     1 ||     5
Armor: Robe              |    25 |    59 |    21 |       ||   105
       Skin              |       |    10 |       |       ||    10
       Acid dragon scale |       |       |       |    60 ||    60
       Steam dragon scal |       |       |       |    97 ||    97
Dodge: Dodged            |    64 |   105 |    20 |   113 ||   302
Block: Buckler           |       |       |       |     4 ||     4
       Rpst.: Scimitar   |       |       |       |    11 ||    11
